 Dungeon Crawl Stone Soup version 0.17-a0-1596-g1e86911 (webtiles) character file.

450 JEM123 the Chiller (level 6, 0/36 HPs)
             Began as a High Elf Ice Elementalist on Aug 1, 2015.
             Shot with an arrow of frost by a centaur (13 damage)
             ... on level 4 of the Dungeon.
             The game lasted 00:54:05 (4204 turns).

JEM123 the Chiller (High Elf Ice Elementalist)      Turns: 4204, Time: 00:54:05

Health: 0/36       AC:  3    Str:  7    XL:     6   Next: 74%
Magic:  6/10       EV: 13    Int: 20    God:
Gold:   88         SH:  0    Dex: 17    Spells: 4 memorised, 0 levels left

rFire  . . .     SeeInvis +     h - -2 long sword (curse)
rCold  . . .     Clarity  .     a - +0 robe
rNeg   . . .     SustAt   .     (no shield)
rPois  .         Gourm    .     (no helmet)
rElec  .         Spirit   .     i - +0 cloak
rCorr  .         Warding  .     (no gloves)
rMut   .         Stasis   .     (no boots)
MR     .....                    (no amulet)
Stlth  ++........               (no ring)
                                x - ring of see invisible

@: not resistant to hostile enchantments, unstealthy
A: no striking features
a: no special abilities


You were on level 4 of the Dungeon.
You were not hungry.

You visited 1 branch of the dungeon, and saw 5 of its levels.
You also visited: Sewer.

You collected 255 gold pieces.
You spent 167 gold pieces at shops.

Inventory:

Hand weapons
 h - a cursed -2 long sword (weapon)
 j - a +0 short sword
 w - a +2 spear of chaos
 C - a +0 falchion
Missiles
 d - 23 arrows
 q - 3 silver javelins
 v - a throwing net (quivered)
 y - 47 poisoned needles
Armour
 a - a +0 robe (worn)
 i - a +0 cloak (worn)
Jewellery
 x - a ring of see invisible (left hand)
Scrolls
 g - 3 scrolls of teleportation
 l - 4 scrolls of identify
 p - a scroll of recharging
 z - 2 scrolls of fog
 A - a scroll of enchant weapon
 E - a scroll of fear {unknown}
 G - a scroll of magic mapping
 H - a scroll of noise {unknown}
Potions
 f - 3 potions of heal wounds
 n - a potion of mutation
 o - a potion of might {unknown}
 r - a potion of invisibility {unknown}
 s - a potion of poison {unknown}
 t - 2 potions of curing {unknown}
 u - a potion of agility {unknown}
 D - a potion of haste {unknown}
Books
 b - a book of Frost

   Spells                             Type                      Level
   a - Freeze                         Ice                          1
   b - Throw Frost                    Conjuration/Ice              2
   c - Ozocubu's Armour               Charms/Ice                   3
   d - Throw Icicle                   Conjuration/Ice              4
   e - Summon Ice Beast               Ice/Summoning                4
   f - Condensation Shield            Ice                          4
 e - a Fen Folio

   Spells                             Type                      Level
   a - Corpse Rot                     Necromancy                   2
   b - Stone Arrow                    Conjuration/Earth            3
   c - Leda's Liquefaction            Hexes/Earth                  4
   d - Summon Forest                  Summoning/Translocation      5
   e - Hydra Form                     Transmutation                6
   f - Summon Hydra                   Summoning                    7
 F - a book of Fire

   Spells                             Type                      Level
   a - Ignite Poison                  Fire/Transmutation/Poison    3
   b - Fireball                       Conjuration/Fire             5
   c - Bolt of Fire                   Conjuration/Fire             6
   d - Delayed Fireball               Conjuration/Fire             7
   e - Ring of Flames                 Charms/Fire                  7
Comestibles
 c - 2 bread rations
 k - a fruit
 m - 3 meat rations
 B - 4 chunks of flesh


   Skills:
 - Level 2.1 Dodging
 - Level 2.1 Stealth
 - Level 2.4 Spellcasting
 * Level 2.1 Conjurations
 * Level 7.5 Ice Magic


You couldn't memorise any spells.
You knew the following spells:

 Your Spells              Type           Power        Failure   Level  Hunger
a - Freeze                Ice            ####         1%          1    #......
b - Throw Frost           Conj/Ice       ###...       3%          2    ##.....
c - Ozocubu's Armour      Chrm/Ice       ###.....     12%         3    ###....
d - Stone Arrow           Conj/Erth      #.....       30%         3    ###....


Dungeon Overview and Level Annotations

Branches:
Dungeon (5/15)
 Temple: D:4-7

Altars:
Ashenzari
Elyvilon
Makhleb
Xom

Shops:
D:4 *


Message History

Aiming: Throw Frost
Press: ? - help, Shift-Dir - straight line, f - centaur
Aim: a centaur (resting)
The puff of frost hits the centaur.
The centaur is lightly wounded.
The centaur shouts!
The centaur wields a shortbow.
The centaur shoots an arrow of frost.
The arrow of frost hits you! The arrow of frost freezes you.
The centaur shoots an arrow of frost.
The arrow of frost hits you. The arrow of frost freezes you.
You see here an arrow of frost.
Casting: Throw Frost
Confirm with . or Enter, or press ? or * to list all spells.
Aiming: Throw Frost
Press: ? - help, Shift-Dir - straight line, f/p - centaur
Aim: a centaur, wielding a shortbow (lightly wounded)
The puff of frost hits the centaur.
The centaur is severely wounded.
The centaur shoots an arrow of frost.
The arrow of frost hits you!
You die...

...# #.# ##.........
.#.# #.# #........#.
.#.# #.# #.####...#.
##.# ##### #.# #.#
#..... ...#
.....####.###.####..#.#
####
#...................
###.......<>###.....
#.#######.##...##. #@#
#.##...... #.#
#.##...##. #(#
#.###.#... # #.c.# #.#
#...#. # #.### #.#
#._... # #. #.###.....
# # #......... #
#####..... # ###.#.


You could see a centaur.

Vanquished Creatures
  The ghost of tedric the Firebug, an average DEFE (D:3)
  An iguana (D:4)
  A worker ant (D:3)
  2 gnolls
  5 river rats
  6 adders
  2 oozes
  7 worms
  3 giant geckos
  6 bats
  6 giant cockroaches
  8 hobgoblins
  12 jackals
  7 kobolds
  2 quokkas (D:2)
  4 ball pythons
  12 giant newts
  4 goblins
  A jackal skeleton (D:4)
  A quokka skeleton (D:4)
  21 rats
112 creatures vanquished.

Notes
Turn   | Place    | Note
--------------------------------------------------------------
     0 | D:1      | JEM123 the High Elf Ice Elementalist began the quest for the Orb.
     0 | D:1      | Reached XP level 1. HP: 11/11 MP: 4/4
   249 | D:1      | Reached XP level 2. HP: 17/17 MP: 0/6
   614 | D:1      | Reached skill level 4 in Ice Magic
   742 | D:1      | Reached XP level 3. HP: 12/21 MP: 1/7
   775 | D:1      | Learned a level 2 spell: Throw Frost
  1446 | D:2      | Reached XP level 4. HP: 27/27 MP: 6/8
  1451 | D:2      | Learned a level 3 spell: Ozocubu's Armour
  1495 | D:2      | Reached skill level 5 in Ice Magic
  1505 | D:2      | Found a shimmering altar of Xom.
  2118 | D:3      | Found a white marble altar of Elyvilon.
  2217 | D:3      | Reached XP level 5. HP: 20/31 MP: 2/9
  2330 | D:3      | Found a shattered altar of Ashenzari.
  2381 | D:3      | Noticed tedric's ghost (average DEFE)
  2386 | D:3      | Killed tedric's ghost
  2386 | D:3      | Reached skill level 7 in Ice Magic
  2386 | D:3      | Reached XP level 6. HP: 30/36 MP: 0/10
  2391 | D:3      | Learned a level 3 spell: Stone Arrow
  2568 | D:3      | HP: 1/36 [worm (8)]
  3310 | D:4      | Found Rean's Serpentskin Sales.
  3315 | D:4      | Bought 17 poisoned needles for 81 gold pieces
  3315 | D:4      | Bought 18 poisoned needles for 86 gold pieces
  3354 | D:4      | Found a glowing drain.
  3386 | Sewer    | Entered a sewer
  4082 | D:5      | Entered Level 5 of the Dungeon
  4166 | D:4      | Found a burning altar of Makhleb.
  4204 | D:4      | Shot with an arrow of frost by a centaur

Vault maps used:
D:1:      minmay_arrival_shattered_statue
D:2:      tgw_xom, first_bread, minivault_23
D:3:      ashenzari_altar_1, elyvilon_altar_4
D:4:      grunt_temple_overflow_holy_war, bloody_makhleb, temple_hall,
          serial_shops, kennysheep_mini, portal_sewer_entry_c,
          serial_park_tiny_1, guppyfry_shop_venom
D:5:      grunt_dithmenos_smoke, uniq_grinder, uniq_duvessa, uniq_sigmund
Sewer:    sewer_co_cracked_pipes

Action                   |  1- 3 |  4- 6 || total
-------------------------+-------+-------++-------
Melee: Short sword       |    32 |       ||    32
       Spear             |       |    13 ||    13
       Long sword        |       |    42 ||    42
Throw: Javelin           |       |     2 ||     2
       Throwing net      |       |     1 ||     1
 Cast: Freeze            |    59 |    95 ||   154
       Throw Frost       |       |    35 ||    35
  Use: Scroll            |       |    10 ||    10
 Stab: Sleeping          |     8 |     4 ||    12
  Eat: Chunk             |     1 |     3 ||     4
       Bread ration      |       |     1 ||     1
       Meat ration       |       |     1 ||     1
